 Dungeon Crawl Stone Soup version 0.21.1-1-g345015fe64 (webtiles) character file.

1610 GuyWithAPlan the Cleaver (level 8, 0/66 HPs)
             Began as a Minotaur Fighter on Apr 3, 2018.
             Slain by an ice beast (11 damage)
             ... on level 6 of the Dungeon.
             The game lasted 00:06:21 (4154 turns).

GuyWithAPlan the Cleaver (Minotaur Fighter)         Turns: 4154, Time: 00:06:22

Health: 0/66       AC:  8    Str: 21    XL:     8   Next: 63%
Magic:  7/7        EV:  7    Int:  5    God:
Gold:   120        SH:  9    Dex: 12    Spells: 7/7 levels left

rFire    . . .     SeeInvis .   a - +0 war axe
rCold    . . .     Gourm    .   c - +0 shield
rNeg     . . .     Faith    .   b - +1 scale mail
rPois    .         Spirit   .   (helmet restricted)
rElec    .         Reflect  .   (no cloak)
rCorr    .         Harm     .   (no gloves)
MR       .....                  (no boots)
Stlth    ..........             j - amulet of inaccuracy (curse)
HPRegen  0.21/turn              (no ring)
MPRegen  0.10/turn              (no ring)

@: no status effects
A: retaliatory headbutt, horns 2
a: no special abilities


You were on level 6 of the Dungeon.
You were hungry.

You visited 1 branch of the dungeon, and saw 6 of its levels.

You collected 120 gold pieces.

Inventory:

Hand Weapons
 a - a +0 war axe (weapon)
Armour
 b - a +1 scale mail (worn)
 c - a +0 shield (worn)
Jewellery
 j - a cursed amulet of inaccuracy (around neck)
Scrolls
 e - 2 scrolls of identify
 k - 2 scrolls of immolation
 l - 3 scrolls of remove curse {unknown}
 p - 5 scrolls of teleportation
 s - a scroll of enchant armour
Potions
 d - 2 potions of might
 g - 2 potions of flight
 h - a potion of magic {unknown}
 i - 5 potions of curing
 m - 2 potions of agility
 n - 2 potions of cancellation {unknown}
 o - a potion of heal wounds {unknown}
 q - 3 potions of haste
 r - a potion of resistance {unknown}
Comestibles
 f - 8 rations


   Skills:
 - Level 3.7 Fighting
 + Level 12.7 Axes
 - Level 3.7 Armour
 - Level 3.7 Shields


You had 7 spell levels left.
You didn't know any spells.

Dungeon Overview and Level Annotations

Branches:
Dungeon (6/15)
 Temple: D:4-7

Altars:
Ashenzari
Cheibriados
Dithmenos
Elyvilon
Nemelex Xobeh
Sif Muna

Annotations:
D:5 1 exclusion, Blork the orc; NullDivider's ghost, novice SpAr


Innate Abilities, Weirdness & Mutations

You reflexively headbutt those who attack you in melee.
You have a pair of horns on your head.


Message History

You can't go up here!
You climb downwards.
The ghost fades into the shadows.
NullDivider's ghost disappears!
An ice beast and a zombie come into view.
Found a stone staircase leading down.
There is a stone staircase leading up here.
You slash the ice beast!
The ice beast is heavily wounded.
You miss the ice beast.
The ice beast is heavily wounded.
You block the ice beast's attack.
You slash the ice beast!
The ice beast is severely wounded.
The ice beast hits you but does no damage.
You hit the ice beast.
The ice beast is almost dead.
You hit the giant cockroach zombie. The ice beast hits you.
* * * LOW HITPOINT WARNING * * *
The ice beast freezes you!
You die...

......
.#....
#...>..
.......
.......
##.......
#ZY......
#@.......
#..#......
#### #....
#.. #


You could see an ice beast and a giant cockroach zombie.

Vanquished Creatures
  Pikel (D:5)
  Sigmund (D:2)
  Eustachio (D:3)
  An ice beast (D:5)
  3 slaves (D:5)
  3 ogres (D:4)
  A phantom (D:4)
  A bullfrog zombie (D:4)
  A crimson imp (D:5)
  A hound (D:5)
  Terence (D:2)
  3 worker ants
  A hound skeleton (D:5)
  8 gnolls
  9 adders
  2 oozes (D:3)
  An adder zombie (D:5)
  2 dart slugs
  3 leopard geckos (D:4)
  5 orcs (D:5)
  A ball python (D:1)
  8 bats
  7 giant cockroaches
  6 goblins
  4 hobgoblins
  4 jackals (D:5)
  6 kobolds
  2 quokkas
  2 frilled lizards (D:1)
  A quokka skeleton (D:4)
  5 rats
95 creatures vanquished.

Vanquished Creatures (others)
  A jackal (D:5)
1 creature vanquished.

Grand Total: 96 creatures vanquished

Notes
Turn   | Place    | Note
-------+----------+-------------------------------------------
     0 | D:1      | GuyWithAPlan the Minotaur Fighter began the quest for the Orb.
     0 | D:1      | Reached XP level 1. HP: 19/19 MP: 0/0
    83 | D:1      | You fall through a shaft!
    94 | D:2      | Reached skill level 3 in Axes
    94 | D:2      | Reached XP level 2. HP: 21/27 MP: 1/1
    97 | D:2      | Found a faded altar of an unknown god.
   159 | D:2      | Reached skill level 4 in Axes
   159 | D:2      | Reached XP level 3. HP: 20/33 MP: 2/2
   207 | D:2      | Found a white marble altar of Elyvilon.
   212 | D:2      | Noticed Sigmund
   213 | D:2      | Noticed Terence
   221 | D:2      | Killed Sigmund
   221 | D:2      | Reached skill level 6 in Axes
   221 | D:2      | Reached XP level 4. HP: 17/40 MP: 3/3
   221 | D:2      | Reached XP level 5. HP: 19/46 MP: 4/4
   225 | D:2      | Killed Terence
   225 | D:2      | Reached skill level 7 in Axes
  1110 | D:3      | Found a snail-covered altar of Cheibriados.
  1124 | D:3      | Reached XP level 6. HP: 52/52 MP: 5/5
  1301 | D:4      | Noticed Eustachio
  1321 | D:3      | Killed Eustachio
  1321 | D:3      | Reached skill level 8 in Axes
  1597 | D:4      | Reached skill level 9 in Axes
  1597 | D:4      | Reached XP level 7. HP: 48/58 MP: 6/6
  1639 | D:4      | Found a sparkling altar of Nemelex Xobeh.
  1643 | D:4      | Found a shadowy altar of Dithmenos.
  1875 | D:4      | Reached skill level 10 in Axes
  2657 | D:5      | Entered Level 5 of the Dungeon
  2776 | D:5      | Reached skill level 11 in Axes
  2819 | D:5      | Reached XP level 8. HP: 27/66 MP: 7/7
  3115 | D:5      | Noticed Blork the orc
  3122 | D:5      | Found a deep blue altar of Sif Muna.
  3649 | D:5      | Noticed Pikel
  3665 | D:5      | Killed Pikel
  3665 | D:5      | Reached skill level 12 in Axes
  3873 | D:5      | Found a shattered altar of Ashenzari.
  4063 | D:5      | Noticed NullDivider's ghost (novice SpAr)
  4154 | D:6      | Slain by an ice beast

Skill      XL: |  1  2  3  4  5  6  7  8 |
---------------+-------------------------+-----
Axes           | 3 4 6 7 9 11 12 | 12.7
Fighting       | |  3.7
Armour         | |  3.7
Shields        | |  3.7

Action                   |  1- 3 |  4- 6 |  7- 9 || total
-------------------------+-------+-------+-------++-------
Melee: War axe           |    52 |    73 |   245 ||   370
       Headbutt          |     5 |    15 |    21 ||    41
  Use: Scroll            |       |       |    10 ||    10
  Eat: Chunk             |       |     2 |     8 ||    10
Armor: Scale mail        |    29 |    21 |    98 ||   148
Dodge: Dodged            |    18 |    14 |    66 ||    98
Block: Shield            |    22 |    44 |   106 ||   172
